 Dungeon Crawl Stone Soup version 0.29.1-4-g47bece8355 (webtiles) character file.

Game seed: 2184201774649556435

9483 IcyTea the Frost Mage (level 11, -9/71 HPs)
             Began as a Demonspawn Ice Elementalist on Dec 9, 2022.
             Was a Follower of Uskayaw.
             Killed from afar by a fire dragon (55 damage)
             ... with a blast of flame
             ... on level 10 of the Dungeon.
             The game lasted 01:04:42 (14425 turns).

IcyTea the Frost Mage (DsIE)                       Turns: 14425, Time: 01:04:43

Health: -9/71      AC: 18    Str: 13    XL:     11   Next: 23%
Magic:  15/21      EV: 11    Int: 19    God:    Uskayaw [*.....]
Gold:   889        SH:  0    Dex: 17    Spells: 14/24 levels left

rFire   . . .      SeeInvis .   c - +6 quarterstaff "Rutrig" {flame, rC+ Dex+4}
rCold   + . .      Faith    .   (shield currently unavailable)
rNeg    . . .      Spirit   .   P - +0 acid dragon scales
rPois   .          Reflect  .   O - +0 helmet
rElec   .          Harm     .   (no cloak)
rCorr   +          Rampage  .   (gloves unavailable)
Will    .....                   v - +1 pair of boots
Stlth   ++........              (no amulet)
HPRegen 0.21/turn               D - +4 ring of protection
MPRegen 0.17/turn               N - +4 ring of protection

@: no status effects
A: claws 3, spiny 2, demonic magic 2, strong 1
a: Renounce Religion, Stomp


You were on level 10 of the Dungeon.
You worshipped Uskayaw.
Uskayaw was noncommittal.
You visited 2 branches of the dungeon, and saw 11 of its levels.
You also visited: Sewer and Ossuary.

You collected 889 gold pieces.

Inventory:

Hand Weapons
 c - the +6 quarterstaff "Rutrig" (weapon) {flame, rC+ Dex+4}
   (You found it on level 5 of the Dungeon)

   It burns those it strikes, dealing additional fire damage.
   Dex:       It affects your dexterity (+4).
   rC:        It protects you from cold.
 l - a +1 vorpal hand axe
 q - the +6 whip "Plog" {drain, Will+ Str+3}
   (You found it on level 3 of the Dungeon)

   A truly terrible weapon, it drains the life of any living foe it strikes.
   Str:       It affects your strength (+3).
   Will:      It increases your willpower.
 r - a +1 dagger of pain
Missiles
 h - 4 throwing nets
 j - 5 javelins
 y - 15 poisoned darts
 J - 5 silver javelins
Armour
 v - a +1 pair of boots (worn)
 L - a +0 buckler
 M - a +3 ring mail
 O - a +0 helmet (worn)
 P - +0 acid dragon scales (worn)
Magical Staves
 I - a staff of air
Jewellery
 d - a ring of magical power
 e - a +4 ring of evasion
 k - the amulet of Elemental Vulnerability {rPois rF-- rC-- AC+8}
   (You found it on level 2 of the Dungeon)

   [amulet of nothing]

   AC:        It affects your AC (+8).
   rF:        It makes you very vulnerable to fire.
   rC:        It makes you very vulnerable to cold.
   rPois:     It protects you from poison.
 A - a ring of protection from cold
 D - a +4 ring of protection (left claw)
 K - a ring of magical power
 N - a +4 ring of protection (right claw)
 S - a ring of see invisible
Wands
 B - a wand of flame (22)
 E - a wand of paralysis (12)
 F - a wand of light (5)
 G - a wand of polymorph (6)
 H - a wand of iceblast (12)
Scrolls
 a - 3 scrolls of teleportation
 g - 2 scrolls of fear
 w - 2 scrolls of amnesia
 x - 2 scrolls of vulnerability
 C - 2 scrolls of enchant weapon
 Q - a scroll of summoning
 R - 2 scrolls of identify
 U - a scroll of immolation
Potions
 b - a potion of magic
 f - 8 potions of curing
 i - a potion of resistance
 m - a potion of cancellation
 n - 8 potions of lignification
 o - 2 potions of attraction
 p - 3 potions of brilliance
 s - 3 potions of heal wounds
 t - a potion of invisibility
 u - a potion of haste
 z - 2 potions of mutation
 T - a potion of flight


   Skills:
 - Level 1.5 Fighting
 - Level 1.0 Staves
 + Level 4.4 Armour
 - Level 1.7 Dodging
 - Level 3.0 Stealth
 - Level 7.2 Spellcasting
 - Level 6.6 Conjurations
 - Level 6.3 Necromancy
 - Level 2.1 Translocations
 - Level 10.0 Ice Magic
 - Level 7.0 Invocations


You had 14 spell levels left.
You knew the following spells:

 Your Spells              Type           Power      Damage    Failure   Level
a - Freeze                Ice            100%       1d11      1%          1
b - Necrotise             Necr           100%       1d9       1%          1
c - Apportation           Tloc           30%        N/A       6%          1
d - Ozocubu's Armour      Ice            44%        N/A       1%          3
e - Hailstorm             Conj/Ice       38%        3d9       4%          4

Your spell library contained the following spells:

 Spells                   Type           Power      Damage    Failure   Level
 Frozen Ramparts          Ice            88%        1d14      1%          3
 Summon Small Mammal      Summ           24%        N/A       14%         1
 Portal Projectile        Hex/Tloc       20%        N/A       26%         3
 Call Canine Familiar     Summ           6%         N/A       38%         3
 Leda's Liquefaction      Hex/Erth       3%         N/A       80%         4


Dungeon Overview and Level Annotations

Branches:
Dungeon (10/15)            Temple (1/1) D:7            Lair (0/5) D:8
    Orc (0/2) D:10          Sewer (visited)         Ossuary (visited)

Altars:
Ashenzari
Cheibriados
Dithmenos
Fedhas
Gozag
Hepliaklqana
Kikubaaqudgha
Makhleb
Nemelex Xobeh
Okawaru
Qazlal
Ru
Sif Muna
Trog
Uskayaw
Vehumet
Wu Jian
Xom
Yredelemnul
Lugonu

Shops:
D:3 (

Annotations:
D:9 6 runed translucent doors, Goreval's ghost, journeyman MfIE


Innate Abilities, Weirdness & Mutations

You have claws for hands.
You are mostly covered in sharp spines.
Spells you cast may paralyse nearby enemies.
Your muscles are strong. (Str +4, Int/Dex -1)


Message History

a - 3 scrolls of teleportation (gained 1)
You now have 889 gold pieces (gained 27).
Items here: ( ) [ †.
You can no longer pass through a line of other dancers.
Things that are here:
a +0 club; a +0 leather armour; an orc corpse
Items here: )) ? [[ †.
U - a scroll of immolation
Things that are here:
a +0 club; a +0 leather armour; an orc corpse
Items here: ( ) [ †.
A fire dragon comes into view.
The fire dragon roars deafeningly!
Aiming: Necrotise (safe; 1% risk of failure)
Press: ? - help, Q - select action, (/) - cycle Shift-Dir - straight line, f - fire dragon
Aim: a fire dragon (chance to affect: 52%)
The fire dragon resists with significant effort.
Malevolent energies surge around you. The fire dragon breathes flames at you.
The blast of flame hits you!!
Casting: Necrotise (safe; 1% risk of failure)
Confirm with . or Enter, or press ? or * to list all spells.
Casting: Hailstorm (dangerous; 4% risk of failure)
Press: ? - help, Dir - look around, f - activate A cannonade of hail descends around you!
The hail pelts the fire dragon!
The fire dragon is frozen!
The fire dragon is lightly wounded.
Malevolent energies surge around you.
Casting: Hailstorm (dangerous; 4% risk of failure)
Confirm with . or Enter, or press ? or * to list all spells.
Aiming: Freeze (safe; 1% risk of failure)
Press: ? - help, Shift-Dir - straight line, f - fire dragon
Aim: a fire dragon (lightly wounded)
You freeze the fire dragon!
The fire dragon is frozen!
The fire dragon is moderately wounded.
Malevolent energies surge around you. The fire dragon breathes flames at you.
The blast of flame hits you!!!
Ouch! That really hurt!
You die...

#.# ### ####.# #....#
#.#### #.## #######
#^.# ####...~≈≈≈
##.###### ##.......~≈≈
#......#####........~≈≈
######...)).)..@D..~≈≈≈
#####)........~~~~
###......~~≈..
##....~≈≈...
###..~≈~~.. #########


You could see a fire dragon (catching breath).

Vanquished Creatures
  The ghost of ymhsbmbesitwf the Dealer of Despair, a novice DrNe of Kikubaaqudgha (D:7)
  Pikel (D:6)
  An elephant (D:8)
  The ghost of kalagan the Conjurer, a novice DECj (D:5)
  A hornet (D:8)
  Prince Ribbit (D:9)
  2 spriggans (D:8)
  12 yaks
  A basilisk (D:8)
  Grum (D:8)
  3 wargs (D:10)
  6 water moccasins
  An acid dragon (D:10)
  Duvessa (D:7)
  2 black bears
  4 orc warriors
  3 ice beasts
  An ogre (D:6)
  4 wolves (D:8)
  3 sky beasts
  A centaur (D:7)
  A phantom (D:4)
  2 kobold brigands
  A necrophage (D:6)
  3 scorpions
  3 bullfrogs
  2 gnoll sergeants
  3 wights (D:9)
  Dowan (D:7)
  4 howler monkeys
  A gnoll bouda (D:9)
  4 hounds
  2 jellies
  4 orc priests
  Terence (D:2)
  A hell rat (Sewer)
  Natasha (thrice) (D:2)
  An iguana (D:5)
  10 orc wizards
  A killer bee zombie (D:5)
  8 mummies (Ossuary)
  A howler monkey skeleton (D:5)
  A howler monkey zombie (D:5)
  7 adders
  17 gnolls
  3 river rats
  A shadow imp (D:6)
  A white imp (D:6)
  An ufetubus (D:5)
  2 worms (D:3)
  40 orcs
  2 ball pythons
  2 bats (D:3)
  3 endoplasms
  4 giant cockroaches
  A gnoll zombie (Ossuary)
  7 goblins
  9 hobgoblins
  3 jackals (D:4)
  5 quokkas
  2 frilled lizards
  2 hobgoblin zombies (Ossuary)
  16 kobolds
  2 kobold zombies (Ossuary)
  3 orc zombies (Ossuary)
  11 rats
253 creatures vanquished.

Vanquished Creatures (collateral kills)
  A gnoll sergeant (D:6)
  A jelly (D:6)
  2 gnolls
  An orc (D:6)
5 creatures vanquished.

Vanquished Creatures (others)
  2 demonic plants (Temple)
  16 plants
  7 withered plants (D:1)
25 creatures vanquished.

Grand Total: 283 creatures vanquished

Notes
Turn   | Place    | Note
-------+----------+-------------------------------------------
     0 | D:1      | IcyTea the Demonspawn Ice Elementalist began the quest for
                  | the Orb.
     0 | D:1      | Reached XP level 1. HP: 13/13 MP: 3/3
    90 | D:1      | Found a faded altar of an unknown god.
   358 | D:1      | Learned a level 1 spell: Necrotise
   725 | D:2      | Learned a level 1 spell: Apportation
   969 | D:2      | Reached skill level 4 in Ice Magic
   996 | D:2      | Found the amulet of Elemental Vulnerability {rPois rF--
                  | rC-- AC+8}
  1018 | D:2      | Gained mutation: You are partially covered in sharp spines.
                  | [demonic ancestry]
  1018 | D:2      | Reached XP level 2. HP: 19/19 MP: 5/5
  1093 | D:2      | Reached skill level 1 in Necromancy
  1362 | D:2      | Noticed Terence
  1368 | D:2      | Killed Terence
  1369 | D:2      | Reached XP level 3. HP: 6/24 MP: 6/6
  1651 | D:2      | Noticed Natasha
  1660 | D:2      | Killed Natasha
  1779 | D:2      | Noticed Natasha
  1785 | D:2      | Killed Natasha
  1786 | D:2      | Reached skill level 1 in Translocations
  1786 | D:2      | Gained mutation: You are mostly covered in sharp spines.
                  | [demonic ancestry]
  1786 | D:2      | Reached XP level 4. HP: 30/30 MP: 7/7
  1867 | D:2      | Noticed Natasha
  1875 | D:2      | Killed Natasha
  2462 | D:3      | Gained mutation: Spells you cast may paralyse adjacent
                  | enemies. [demonic ancestry]
  2462 | D:3      | Reached XP level 5. HP: 35/35 MP: 8/8
  2708 | D:3      | Found Ilats's Antique Weapon Emporium.
  2779 | D:3      | Reached skill level 5 in Ice Magic
  2783 | D:3      | Learned a level 3 spell: Ozocubu's Armour
  3045 | D:3      | Identified the +6 whip "Plog" {drain, Will+ Str+3}
  3110 | D:3      | Found a stormy altar of Qazlal.
  3115 | D:3      | Found a hide-covered altar of Uskayaw.
  3118 | D:3      | Found a blossoming altar of Fedhas.
  3126 | D:3      | Became a worshipper of Uskayaw the Reveller
  3296 | D:4      | Discovered your monstrous ancestry.
  3296 | D:4      | Gained mutation: You have sharp fingernails. [demonic
                  | ancestry]
  3296 | D:4      | Reached XP level 6. HP: 35/41 MP: 9/9
  3304 | D:4      | Reached * piety under Uskayaw
  3312 | D:4      | Found a glowing drain.
  3461 | Sewer    | Entered a sewer
  3469 | Sewer    | Reached ** piety under Uskayaw
  3486 | Sewer    | Reached *** piety under Uskayaw
  3497 | Sewer    | Reached **** piety under Uskayaw
  3621 | D:4      | Found a sand-covered staircase.
  3631 | Ossuary  | Entered an ossuary
  3823 | Ossuary  | Reached skill level 6 in Ice Magic
  4562 | D:4      | Reached skill level 1 in Invocations
  4647 | D:4      | Reached XP level 7. HP: 45/46 MP: 10/10
  4684 | D:4      | Learned a level 4 spell: Hailstorm
  4867 | D:5      | Entered Level 5 of the Dungeon
  4875 | D:5      | Found a shadowy altar of Dithmenos.
  4885 | D:5      | Reached skill level 1 in Conjurations
  4945 | D:5      | Found a sacrificial altar of Ru.
  5607 | D:5      | Found a bloodstained altar of Trog.
  5776 | D:5      | Identified the +6 quarterstaff "Rutrig" {flame, rC+ Dex+4}
  6089 | D:5      | Found a runed translucent gate.
  6089 | D:5      | Found a runed translucent gate.
  6092 | D:5      | Found a runed translucent gate.
  6094 | D:5      | Noticed kalagan's ghost (novice DECj)
  6109 | D:5      | Killed kalagan's ghost
  6110 | D:5      | Gained mutation: Spells you cast may paralyse nearby
                  | enemies. [demonic ancestry]
  6110 | D:5      | Reached XP level 8. HP: 36/52 MP: 15/15
  6113 | D:5      | Reached skill level 5 in Spellcasting
  6387 | D:6      | Reached skill level 7 in Ice Magic
  6576 | D:6      | Reached skill level 8 in Ice Magic
  6818 | D:6      | Found a shimmering blue altar of Sif Muna.
  6882 | D:6      | Noticed Pikel
  6888 | D:6      | Reached skill level 1 in Staves
  6890 | D:6      | Reached ***** piety under Uskayaw
  6893 | D:6      | Killed Pikel
  6894 | D:6      | Gained mutation: You have very sharp fingernails. [demonic
                  | ancestry]
  6894 | D:6      | Reached XP level 9. HP: 23/57 MP: 16/16
  6900 | D:6      | Reached ****** piety under Uskayaw
  6913 | D:6      | Reached skill level 5 in Conjurations
  7164 | D:6      | Found an ancient bone altar of Kikubaaqudgha.
  7358 | D:6      | Found an ornate altar of the Wu Jian Council.
  7629 | D:7      | Gained mutation: Your muscles are strong. (Str +4, Int/Dex
                  | -1) [potion of mutation]
  7704 | D:7      | Found a staircase to the Ecumenical Temple.
  7708 | D:7      | Noticed Dowan
  7712 | D:7      | Noticed Duvessa
  8013 | D:7      | Found a radiant altar of Vehumet.
  8062 | D:7      | Killed Dowan
  8180 | D:7      | Killed Duvessa
  8447 | D:7      | Found a hazy altar of Hepliaklqana.
  8661 | Temple   | Entered the Ecumenical Temple
  9127 | D:8      | Noticed an elephant
  9130 | D:8      | Gained mutation: You have claws for hands. [demonic
                  | ancestry]
  9130 | D:8      | Reached XP level 10. HP: 63/63 MP: 20/20
  9343 | D:8      | Reached skill level 9 in Ice Magic
  9456 | D:8      | Found a staircase to the Lair.
  9938 | D:8      | Found a runed translucent door.
  9941 | D:8      | Noticed ymhsbmbesitwf's ghost (novice DrNe)
  9944 | D:8      | Identified the +1 trident of the Screaming Gods {vamp, rC-
                  | rCorr Str+4 Dex+4}
 10086 | D:8      | Killed an elephant
 11014 | D:8      | Reached skill level 1 in Fighting
 11394 | D:8      | Noticed Grum
 11403 | D:8      | Reached skill level 1 in Armour
 11737 | D:8      | Killed Grum
 12009 | D:8      | Found an opulent altar of Gozag.
 12341 | D:7      | Killed ymhsbmbesitwf's ghost
 12764 | D:9      | Noticed Prince Ribbit
 12768 | D:9      | Killed Prince Ribbit
 12819 | D:9      | Found a runed translucent door.
 12834 | D:9      | Found a runed translucent door.
 12845 | D:9      | Found a runed translucent door.
 12879 | D:9      | Found a runed translucent door.
 12892 | D:8      | Reached XP level 11. HP: 60/71 MP: 21/21
 13387 | D:9      | Found a large runed translucent door.
 13387 | D:9      | Found a large runed translucent door.
 13387 | D:9      | Noticed Goreval's ghost (journeyman MfIE)
 13475 | D:10     | Entered Level 10 of the Dungeon
 13507 | D:10     | Found a staircase to the Orcish Mines.
 13715 | D:10     | Found a snail-covered altar of Cheibriados.
 13874 | D:10     | Reached skill level 10 in Ice Magic
 14420 | D:10     | Noticed a fire dragon
 14425 | D:10     | Killed from afar by a fire dragon

Illustrated notes

Levels and vault maps discovered:
D:1:      dpeg_arrival_renting, layout_loops_ring,
          ebering_ecumenical_altar_petrified
D:2:      layout_basic, minmay_misc_feat_columns, nrook_mini_vaults,
          uniq_terence, uniq_natasha
D:3:      layout_loops_ring, grunt_temple_overflow_diamond, serial_shops, shop,
          kennysheep_potato
D:4:      layout_rooms, nicolae_ossuary_entry_ruins, gup_sewer_entry_bowl
D:5:      layout_loops_ring, trog_hazing_becter,
          mainiacjoe_overflow_surrounded_room,
          nicolae_dithmenos_through_a_glass_darkly, gammafunk_ghost_necromancy,
          columned_hall_lemuel, dk_noncrumbling_2
D:6:      layout_layer_cave, marbit_many_paths, nicolae_sif_muna_condensation,
          mainiacjoe_overflow_tiny_flanked, minmay_crossroads, uniq_pikel
D:7:      layout_basic, fiery_altar_vehumet, kennysheep_mini,
          minmay_temple_entry_trees, uniq_duvessa
D:8:      layout_rooms, mainiacjoe_overflow_alcove_2, david_lair_generic,
          ebering_ghost_funeral_grove, uniq_grum
D:9:      layout_cave_pools, ebering_ghost_disaster_area,
          minmay_statue_crystal_thing, uniq_prince_ribbit1
D:10:     dragon1_lemuel, layout_loops_ring, mainiacjoe_overflow_brackets,
          minmay_orc_entry_guard_dogs, hangedman_abyss_or_decor_clamps,
          kennysheep_nub, serial_bayou_lagoon_a, minmay_misc_feat_five
Temple:   corrupted_temple

Skill      XL: |  1  2  3  4  5  6  7  8  9 10 11 |
---------------+----------------------------------+-----
Ice Magic      | 4 5 6 8 9 10 | 10.0
Necromancy     | 2 3 6 |  6.3
Translocations | 1 2 |  2.1
Invocations    | 3 6 7 |  7.0
Conjurations   | 3 4 5 6 |  6.6
Spellcasting   | 4 5 7 |  7.2
Staves         | 1 |  1.0
Fighting       | 1 |  1.5
Armour         | 4 |  4.4
Stealth        | 3 |  3.0
Dodging        | |  1.7

Action                   |  1- 3 |  4- 6 |  7- 9 | 10-12 || total
-------------------------+-------+-------+-------+-------++-------
Melee: Hand axe          |     6 |    29 |       |       ||    35
       Short sword       |     9 |       |       |       ||     9
       Whip              |       |    69 |    44 |       ||   113
       Quarterstaff      |       |       |    93 |   131 ||   224
Throw: Javelin           |       |     5 |       |       ||     5
 Cast: Freeze            |    25 |    23 |    30 |    44 ||   122
       Necrotise         |    11 |    27 |   110 |    75 ||   223
       Ozocubu's Armour  |       |     2 |     1 |     1 ||     4
       Hailstorm         |       |       |     3 |    11 ||    14
Invok: Stomp             |       |     2 |       |     1 ||     3
       Line Pass         |       |       |       |     1 ||     1
  Use: Scroll            |       |     3 |     2 |     6 ||    11
       Potion            |       |     5 |     3 |     4 ||    12
 Stab: Sleeping          |     1 |     5 |       |       ||     6
       Paralysed         |       |    17 |    34 |    18 ||    69
Armor: Robe              |     2 |    11 |    18 |    10 ||    41
       Ring mail         |       |       |       |    22 ||    22
       Acid dragon scale |       |       |       |     6 ||     6
Dodge: Dodged            |    14 |    40 |    69 |    92 ||   215
